 Dungeon Crawl Stone Soup version 0.31-a0-1074-g0b22e4e0f1 (webtiles) character file.

Game seed: 15604548473052559025

218 monsoonserge the Charlatan (level 5, -1/33 HPs)
             Began as an Octopode Artificer on Dec 6, 2023.
             Was an Initiate of Gozag.
             Slain by a sky beast (6 damage)
             ... on level 4 of the Dungeon.
             The game lasted 00:07:03 (2849 turns).

monsoonserge the Charlatan (Octopode Artificer)     Turns: 2849, Time: 00:07:04

Health: -1/33      AC:  1    Str: 13    XL:     5   Next: 95%
Magic:  5/5        EV: 13    Int: 14    God:    Gozag
Gold:   231        SH:  0    Dex: 12    Spells: 4/4 levels left

rFire   . . .        t - +2 long sword (heavy)
rCold   . . .        (no shield)
rNeg    . . .        (helmet currently unavailable)
rPois   .            (no amulet)
rElec   .            (no ring)
rCorr   .            (no ring)
SInv    .            (no ring)
Will    .....        (no ring)
Stlth   +++          (no ring)
HPRegen 0.25/turn    (no ring)
MPRegen 0.09/turn    (no ring)
                     (no ring)

%: no passive effects
@: beast-form
A: beast (slay +1), almost no armour, amphibious, 8 rings, camouflage 1,
gelatinous body 1, (nimble swimmer 1), tentacles
a: Begin Untransformation, Renounce Religion, Potion Petition, Call Merchant,
Bribe Branch


You were on level 4 of the Dungeon.
You worshipped Gozag.
Gozag was aware of your devotion.
You were a hulking beast.
You visited 2 branches of the dungeon, and saw 5 of its levels.

You collected 343 gold pieces.
You paid 112 gold pieces to Gozag.

Inventory:

Hand Weapons
 f - a +1 vampiric dagger
 t - a +2 heavy long sword (weapon)
Magical Staves
 q - a staff of poison
Jewellery
 l - a ring of ice
Talismans
 j - a beast talisman (active)
Wands
 b - a wand of flame (10) (quivered)
 c - a wand of charming (15)
 d - a wand of iceblast (5)
Scrolls
 g - 2 scrolls of teleportation {unknown}
 h - 2 scrolls of enchant weapon {unknown}
 k - a scroll of torment {unknown}
 m - 2 scrolls of identify {unknown}
 o - a scroll of noise {unknown}
 r - a scroll of summoning {unknown}
 s - 2 scrolls of enchant armour
Potions
 a - a potion of brilliance {unknown}
 e - 2 potions of haste {unknown}
 i - 5 potions of curing {unknown}
 n - a potion of mutation {unknown}
 p - a potion of berserk rage {unknown}


   Skills:
 - Level 1.0 Fighting
 - Level 3.0 Dodging
 - Level 2.0 Stealth
 * Level 3.8 Unarmed Combat
 - Level 4.0 Evocations
 + Level 2.0 Shapeshifting


You had 4 spell levels left.
You didn't know any spells.
Your spell library contained the following spells:

 Spells                   Type           Power      Damage    Failure   Level
 Freeze                   Ice            0%         1d3       28%         1
 Blink                    Tloc           0%         N/A       41%         2
 Lesser Beckoning         Tloc           0%         N/A       41%         2
 Momentum Strike          Conj/Tloc      0%         3d8       41%         2
 Frozen Ramparts          Ice            0%         1d1       65%         3
 Hailstorm                Conj/Ice       0%         3d3       65%         3
 Manifold Assault         Tloc           0%         N/A       96%         4


Dungeon Overview and Level Annotations

Branches:
Dungeon (4/15)             Temple (1/1) D:4

Altars:
Dithmenos
Elyvilon
Fedhas
Gozag
Kikubaaqudgha
Makhleb
Nemelex Xobeh
Okawaru
Qazlal
Ru
Sif Muna
Trog
Uskayaw
Wu Jian
Xom
Yredelemnul
Zin
The Shining One

Shops:
D:1 =

Annotations:
D:3 Grinder


Innate Abilities, Weirdness & Mutations

You are a hulking beast.
Your limbs bulge with bestial killing power. (Slay +1)
You cannot wear most types of armour.
You are amphibious.
You can wear up to eight rings at the same time.
Your skin changes colour to match your surroundings (Stealth+).
Your rubbery body absorbs attacks. (AC +1, EV +1)
((You are camouflaged when in or above water. (Stealth+)))
You have tentacles for arms and can constrict up to eight enemies at once.


Message History

There is a staircase to the Ecumenical Temple here.
You open the door.
There is an open door here.
There is an open door here.
You open the door.
There is an open door here.
As you open the door, it creaks loudly!
Found 4 gold pieces.
There is an open door here.
You now have 231 gold pieces (gained 4).
There are no items here.
You open the door.
Found 6 stones.
There is an open door here.
A sky beast comes into view.
You see here 6 stones.
The sky beast hits you. The sky beast shocks you.
You slash the sky beast!
The sky beast is moderately wounded.
The sky beast misses you. The sky beast hits you. The sky beast shocks you.
You barely miss the sky beast. Your squeeze misses the sky beast.
The sky beast is moderately wounded.
The sky beast barely misses you. x3
You barely miss the sky beast. You squeeze the sky beast!
The sky beast is severely wounded.
The sky beast barely misses you. The sky beast hits you.
The sky beast shocks you.
* * * LOW HITPOINT WARNING * * *
You hit the sky beast.
The sky beast is severely wounded.
The sky beast barely misses you.
The sky beast hits you but does no damage.
You closely miss the sky beast.
Your tentacle-slap misses the sky beast.
The sky beast is severely wounded.
The sky beast barely misses you. The sky beast hits you.
* * * LOW HITPOINT WARNING * * *
The sky beast shocks you.
You die...
Your body crumbles into a pile of gold.

#. .. .# .# ######+##
.# ....#...## .#
###......## ##Y#
###.......## ##h.#
##.........####...##
...........'..(....#
##.........####.....#
..........## ##.##.#
##.#.....## ### .#
##.##...## #
##.###'## ##.# #.#


You could see a sky beast.

Vanquished Creatures
  Terence (D:3)
  Natasha (thrice) (D:3)
  7 adders
  2 worms (D:2)
  4 dart slugs
  2 orcs (D:3)
  4 bats
  4 endoplasms
  2 giant cockroaches
  2 goblins
  4 hobgoblins
  A quokka (D:3)
  4 ball pythons
  2 frilled lizards
  5 kobolds
  4 rats
51 creatures vanquished.

Notes
Turn   | Place    | Note
-------+----------+-------------------------------------------
     0 | D:1      | monsoonserge the Octopode Artificer began the quest for the
                  | Orb.
     0 | D:1      | Reached XP level 1. HP: 13/13 MP: 1/1
   101 | D:1      | Found Zuqaitucw's Jewellery Shop.
   419 | D:1      | Reached XP level 2. HP: 18/18 MP: 2/2
   673 | D:2      | Reached XP level 3. HP: 23/23 MP: 3/3
   719 | D:2      | Found a burning altar of Makhleb.
   747 | D:2      | Reached skill level 4 in Evocations
   872 | D:2      | Reached skill level 1 in Unarmed Combat
  1150 | D:2      | Reached XP level 4. HP: 27/28 MP: 4/4
  1314 | D:2      | Found a faded altar of an unknown god.
  1483 | D:3      | Found a basalt altar of Yredelemnul.
  1648 | D:3      | Found a hide-covered altar of Uskayaw.
  1672 | D:3      | Found a white marble altar of Elyvilon.
  1844 | D:3      | Reached skill level 1 in Shapeshifting
  1899 | D:3      | Noticed Natasha
  1908 | D:3      | Killed Natasha
  1937 | D:3      | Noticed Natasha
  1998 | D:3      | Killed Natasha
  1999 | D:3      | Reached XP level 5. HP: 33/33 MP: 5/5
  2068 | D:3      | Noticed Terence
  2079 | D:3      | Killed Terence
  2211 | D:3      | Noticed Natasha
  2217 | D:3      | Killed Natasha
  2328 | D:3      | Noticed Grinder
  2758 | D:4      | Found a staircase to the Ecumenical Temple.
  2764 | Temple   | Entered the Ecumenical Temple
  2777 | Temple   | Became a worshipper of Gozag Ym Sagoz the Greedy
  2841 | D:4      | Noticed a sky beast
  2849 | D:4      | Slain by a sky beast

Illustrated notes

Levels and vault maps discovered:
D:1:      lightli_arrival_chessboard, layout_loops_cross, serial_shops, shop
D:2:      layout_loops_ring, basic_altar,
          dreamdust_ecumenical_altar_hidden_monk_grotto
D:3:      layout_loops_corners, mainiacjoe_overflow_alcove_2,
          lemuel_doored_altar, amcnicky_altar_gilded, uniq_grinder,
          uniq_terence, uniq_natasha
D:4:      layout_loops_corners, minmay_temple_entry_hall, minmay_between
Temple:   eino_wide_crystal_templ

Skill      XL: |  1  2  3  4  5 |
---------------+----------------+-----
Evocations     | 4 |  4.0
Dodging        | 3 |  3.0
Stealth        | 2 |  2.0
Unarmed Combat | 1 2 3 |  3.8
Shapeshifting  | 1 2 |  2.0
Fighting       | |  1.0

Action                     |  1- 3 |  4- 6 || total
---------------------------+-------+-------++-------
  Melee: Dagger            |    56 |    52 ||   108
         Club              |     6 |       ||     6
         Constrict         |    15 |    16 ||    31
         Tentacles         |    13 |    16 ||    29
         Punch             |     1 |       ||     1
         Long sword        |       |    15 ||    15
  Evoke: Wand              |       |     5 ||     5
    Use: Scroll            |       |     1 ||     1
   Stab: Sleeping          |     7 |     7 ||    14
         Distracted        |       |     1 ||     1
 Armour: Skin              |    26 |    31 ||    57
  Dodge: Dodged            |    31 |    53 ||    84
   Form: Beast             |     1 |       ||     1

Table legend: (Time is in decaauts)
 A = Elapsed time spent in this place.
 B = Non-inter-level travel time spent in this place.
 C = Inter-level travel time spent in this place.
 D = Time resting spent in this place.
 E = Time spent auto-exploring this place.
 F = Levels seen in this place.
 G = Mean time per level.
                   A        B        C        D        E       F      G
               +--------+--------+--------+--------+--------+-----+--------+
         Total |   2860 |   2747 |    113 |     76 |   1883 |   5 |  572.0 |
       Dungeon |   2834 |   2733 |    101 |     76 |   1883 |   4 |  708.5 |
        Temple |     26 |     14 |     12 |      0 |      0 |   1 |   26.0 |
               +--------+--------+--------+--------+--------+-----+--------+

Top non-repeatable levels by time:
     D:3: 978 daAuts
     D:2: 756 daAuts
     D:1: 634 daAuts
     D:4: 465 daAuts
  Temple: 26 daAuts
